 Dungeon Crawl Stone Soup version 0.30-a0-808-g6e0788376e (webtiles) character file.

Game seed: 7341242931240581222

19289 browni3141 the Spear-Bearer (level 13, -1/91 HPs)
             Began as a Human Enchanter on Feb 26, 2023.
             Was a Priest of Nemelex Xobeh.
             Slain by a manticore (22 damage)
             ... on level 12 of the Dungeon.
             The game lasted 00:45:07 (14506 turns).

browni3141 the Spear-Bearer (Human Enchanter)      Turns: 14506, Time: 00:45:07

Health: -1/91      AC:  6    Str:  8    XL:     13   Next: 3%
Magic:  20/20      EV: 13    Int: 27    God:    Nemelex Xobeh [***...]
Gold:   991        SH:  0    Dex: 14    Spells: 5/20 levels left

rFire   . . .      SeeInvis .    L - +2 halberd (flame)
rCold   . . .      Faith    .    (shield currently unavailable)
rNeg    . . .      Spirit   .    N - +0 troll leather armour
rPois   .          Reflect  .    (no helmet)
rElec   .          Harm     .    (no cloak)
rCorr   .          Rampage  .    q - +0 pair of gloves
Will    +....                    B - +0 pair of boots
Stlth   ++                       a - amulet of magic regeneration
HPRegen 1.15/turn                r - +6 ring of intelligence
MPRegen 0.57/turn                c - ring of willpower

@: freezing walls
A: no striking features
a: Renounce Religion, Draw Escape, Draw Destruction, Draw Summoning, Triple Draw


You were on level 12 of the Dungeon.
You worshipped Nemelex Xobeh.
Nemelex Xobeh was most pleased with you.
You visited 2 branches of the dungeon, and saw 13 of its levels.

You collected 991 gold pieces.

Inventory:

Hand Weapons
 E - a +0 trident
 G - a +0 glaive
 L - a +2 halberd of flaming (weapon)
Armour
 q - a +0 pair of gloves (worn)
 x - a +1 leather armour of poison resistance
 B - a +0 pair of boots (worn)
 K - +0 acid dragon scales
 N - a +0 troll leather armour (worn)
Jewellery
 a - an amulet of magic regeneration (around neck)
 c - a ring of willpower (right hand)
 l - a ring of protection from cold
 r - a +6 ring of intelligence (left hand)
 t - an amulet of regeneration
 A - a ring of see invisible
Wands
 f - a wand of roots (4)
 p - a wand of flame (9)
 I - a wand of polymorph (8)
 J - a wand of digging (8)
 R - a wand of charming (2)
Scrolls
 b - 2 scrolls of fog {unknown}
 d - 2 scrolls of immolation
 i - 2 scrolls of noise
 m - 8 scrolls of teleportation
 o - 2 scrolls of torment
 u - 2 scrolls of brand weapon {unknown}
 y - a scroll of magic mapping {unknown}
 D - 2 scrolls of poison
 H - 2 scrolls of enchant weapon
 M - 2 scrolls of amnesia {unknown}
 O - 2 scrolls of vulnerability
 P - 4 scrolls of identify
 Q - a scroll of fear
Potions
 e - 3 potions of haste
 g - 2 potions of mutation
 h - a potion of curing
 j - 2 potions of resistance
 k - a potion of heal wounds
 n - 4 potions of berserk rage
 s - 3 potions of cancellation
 v - 2 potions of brilliance {unknown}
 w - 2 potions of lignification {unknown}
 z - 2 potions of degeneration {unknown}
 C - 2 potions of might {unknown}
 F - a potion of attraction {unknown}


   Skills:
 - Level 5.0 Fighting
 - Level 1.0 Short Blades
 - Level 11.6 Polearms
 - Level 3.0 Armour
 - Level 5.0 Dodging
 - Level 4.0 Stealth
 - Level 4.0 Spellcasting
 - Level 4.0 Conjurations
 * Level 8.6 Hexes
 - Level 7.0 Ice Magic
 - Level 10.0 Invocations


You had 5 spell levels left.
You knew the following spells:

 Your Spells              Type           Power      Damage    Failure   Level
a - Ensorcelled Hibernat  Hex/Ice        94%        N/A       1%          2
b - Tukima's Dance        Hex            51%        N/A       1%          3
c - Freeze                Ice            100%       1d10      1%          1
d - Confusing Touch       Hex            51%        N/A       1%          3
e - Frozen Ramparts       Ice            86%        1d13      1%          3
f - Hailstorm             Conj/Ice       35%        3d9       3%          3

Your spell library contained the following spells:

 Spells                   Type           Power      Damage    Failure   Level
 Magic Dart               Conj           100%       1d8       2%          1
 Dazzling Flash           Conj/Hex       78%        N/A       2%          3
 Foxfire                  Conj/Fire      64%        2x1d7     4%          1
 Apportation              Tloc           10%        N/A       11%         1
 Necrotise                Necr           20%        1d5       11%         1
 Summon Small Mammal      Summ           20%        N/A       11%         1
 Call Imp                 Summ           5%         N/A       17%         2
 Lesser Beckoning         Tloc           10%        N/A       17%         2
 Mephitic Cloud           Conj/Pois/Air  12%        N/A       21%         3
 Gell's Gravitas          Tloc           5%         N/A       32%         3
 Teleport Other           Tloc           5%         N/A       32%         3
 Fireball                 Conj/Fire      8%         3d6       80%         5
 Starburst                Conj/Fire      8%         6d4       100%        6


Dungeon Overview and Level Annotations

Branches:
Dungeon (12/15)            Temple (1/1) D:6            Lair (0/5) D:8
    Orc (0/2) D:11

Altars:
Ashenzari
Cheibriados
Dithmenos
Elyvilon
Fedhas
Gozag
Hepliaklqana
Kikubaaqudgha
Makhleb
Nemelex Xobeh
Okawaru
Qazlal
Ru
Sif Muna
Trog
Uskayaw
Vehumet
Wu Jian
Xom
Yredelemnul
Zin
The Shining One

Shops:
D:9 *

Portals:
Trove: D:12 (give +3 gold dragon scales)


Message History

Unknown command.
Casting: Hailstorm (mildly dangerous; 3% risk of failure)
Confirm with . or Enter, or press ? or * to list all spells.
Okay, then.
Unknown command.
Unknown command.
You draw a card...
You have drawn Vitriol.
Press: ? - help, Shift-Dir - straight line, f - komodo dragon
Aim: a komodo dragon (moderately wounded, slow)
The glob of acid hits the komodo dragon!!!
You kill the komodo dragon!
The wall freezes the gargoyle but does no damage.
The gargoyle closely misses your +0 hand axe of Ozasyate {elec, *Slow rF- rN+++ rCorr}.
The wall freezes the manticore!
The wall freezes the gargoyle but does no damage.
The gargoyle hits you with a +0 mace!
You draw a card...
You have drawn Wild Magic.
The gargoyle is hit by flying rocks.
The gargoyle convulses with pain.
The gargoyle completely resists.
You feel a surge of magic.
You feel your power returning.
The wall freezes the gargoyle.
The wall freezes the manticore.
The wall freezes the gargoyle but does no damage.
The gargoyle hits you with a +0 mace.
Unknown command.
Unknown command.
Unknown command.
You draw a card...
You have drawn Degeneration.
The gargoyle is dazed by the mutagenic energy. x2
The wall freezes the gargoyle but does no damage.
The gargoyle hurls a stone arrow at you.
The stone arrow hits you!!
* * * LOW HITPOINT WARNING * * *
The wall freezes the gargoyle.
The gargoyle hurls a stone arrow at you.
The stone arrow misses you.
The stone arrow hits the gargoyle!
The gargoyle is destroyed!
The manticore bites you!!
You die...
Your body disappears without a glow.

########
#######....$.#####
..................
.......(H"........
.....9†@).$.......
..########..#####
#..+ #..# #..#
#9.# +.# #..+ ...
#.# #§§# .... ##.#
#§§########....


You could see a manticore, a gargoyle (dazed) and a friendly +0 hand axe of
Ozasyate {elec, *Slow rF- rN+++ rCorr} (summoned).

Vanquished Creatures
  An entropy weaver (D:11)
  A boulder beetle (D:8)
  2 two-headed ogres
  A wolf spider (D:11)
  An ugly thing (D:11)
  A manticore (D:11)
  3 cyclopes
  A komodo dragon (D:12)
  A kobold demonologist (D:11)
  2 trolls
  Prince Ribbit (D:7)
  Grinder (D:6)
  A shadow (D:5)
  A vampire (D:12)
  7 wyverns
  10 yaks
  Grum (D:11)
  A steam dragon (D:8)
  2 wargs (D:11)
  Menkaure (D:4)
  Duvessa (D:6)
  Edmund (D:4)
  2 black bears (D:5)
  A swamp drake (D:8)
  2 ice beasts (D:5)
  6 orc warriors
  2 wolves (D:11)
  4 ogres
  5 centaurs
  2 phantoms
  2 kobold brigands
  4 bullfrogs
  2 gnoll sergeants
  6 scorpions
  5 necrophages
  7 wights
  Dowan (D:6)
  10 killer bees (D:10)
  6 howler monkeys
  2 electric eels (D:6)
  9 hounds
  4 orc priests
  3 jellies
  3 iguanas (D:5)
  19 orc wizards
  3 gnolls
  12 adders
  A shadow imp (D:5)
  3 white imps
  A worm (D:4)
  4 dart slugs
  47 orcs
  10 endoplasms
  3 giant cockroaches
  6 goblins
  3 hobgoblins
  A jackal (D:5)
  2 quokkas (D:3)
  9 ball pythons
  6 bats
  16 kobolds
  2 rats
278 creatures vanquished.

Vanquished Creatures (collateral kills)
  A boulder beetle (D:9)
  3 two-headed ogres
  A cyclops (D:11)
  Maggie (D:6)
  A golden eye (D:11)
  3 orc warriors
  An ice beast (shapeshifter) (D:9)
  An ogre (D:5)
  Blork the orc (D:5)
  7 wights
  A howler monkey (D:11)
  2 orc wizards (D:9)
  2 gnolls (D:5)
  4 orcs
  A kobold (D:11)
30 creatures vanquished.

Vanquished Creatures (others)
  A gargoyle (D:12)
  6 dancing weapons
  A centaur (D:6)
8 creatures vanquished.

Grand Total: 316 creatures vanquished

Notes
Turn   | Place    | Note
-------+----------+-------------------------------------------
     0 | D:1      | browni3141 the Human Enchanter began the quest for the Orb.
     0 | D:1      | Reached XP level 1. HP: 13/13 MP: 3/3
   248 | D:1      | Reached skill level 1 in Fighting
   323 | D:1      | Reached XP level 2. HP: 21/21 MP: 5/5
   358 | D:1      | Learned a level 2 spell: Ensorcelled Hibernation
   933 | D:2      | Reached skill level 1 in Ice Magic
   933 | D:2      | Reached XP level 3. HP: 27/27 MP: 6/6
   943 | D:2      | Learned a level 3 spell: Tukima's Dance
   945 | D:2      | Learned a level 1 spell: Freeze
  1392 | D:2      | Reached XP level 4. HP: 28/33 MP: 3/7
  2347 | D:3      | Reached XP level 5. HP: 31/38 MP: 4/8
  2870 | D:4      | Reached XP level 6. HP: 44/44 MP: 1/9
  3117 | D:4      | Noticed an ogre
  3126 | D:4      | Noticed Edmund
  3283 | D:4      | Noticed Menkaure
  3561 | D:4      | Learned a level 3 spell: Confusing Touch
  3578 | D:4      | Killed Menkaure
  3579 | D:4      | Reached XP level 7. HP: 26/50 MP: 7/11
  3746 | D:4      | Reached skill level 5 in Hexes
  3886 | D:4      | Killed Edmund
  4133 | D:5      | Entered Level 5 of the Dungeon
  4156 | D:5      | Reached XP level 8. HP: 38/57 MP: 11/14
  4201 | D:5      | Found a sacrificial altar of Ru.
  4264 | D:5      | Noticed Blork the orc
  4272 | D:5      | Killed Blork the orc
  4489 | D:5      | Reached skill level 5 in Ice Magic
  4547 | D:5      | Found a shimmering altar of Xom.
  4594 | D:5      | Found a sparkling altar of Nemelex Xobeh.
  5209 | D:5      | Reached XP level 9. HP: 63/63 MP: 11/15
  5318 | D:5      | Reached skill level 1 in Polearms
  5377 | D:5      | Reached skill level 2 in Polearms
  5410 | D:5      | Reached skill level 3 in Polearms
  5506 | D:5      | Reached skill level 4 in Polearms
  5635 | D:5      | Reached skill level 5 in Polearms
  6343 | D:6      | Reached skill level 6 in Polearms
  6416 | D:6      | Learned a level 3 spell: Frozen Ramparts
  6601 | D:6      | Reached skill level 7 in Polearms
  6672 | D:6      | Noticed Maggie
  6682 | D:6      | Killed Maggie
  6683 | D:6      | Reached XP level 10. HP: 44/70 MP: 4/16
  6771 | D:6      | Found a staircase to the Ecumenical Temple.
  6795 | D:6      | Reached skill level 8 in Polearms
  6901 | D:6      | Noticed Grinder
  6903 | D:6      | Paralysed by Grinder for 2 turns
  6929 | D:6      | Killed Grinder
  6952 | D:5      | Became a worshipper of Nemelex Xobeh the Trickster
  6962 | D:6      | Found an ornate altar of the Wu Jian Council.
  7062 | D:6      | Reached skill level 9 in Polearms
  7069 | D:6      | Learned a level 3 spell: Hailstorm
  7219 | D:6      | Noticed Duvessa
  7227 | D:6      | Killed Duvessa
  7230 | D:6      | Noticed Dowan
  7246 | D:6      | Killed Dowan
  7569 | Temple   | Entered the Ecumenical Temple
  7824 | D:7      | Noticed Prince Ribbit
  7831 | D:7      | Killed Prince Ribbit
  7832 | D:7      | Reached skill level 10 in Polearms
  7832 | D:7      | Reached skill level 1 in Invocations
  7949 | D:7      | Found a stormy altar of Qazlal.
  8873 | D:8      | Noticed a boulder beetle
  8976 | D:8      | Reached skill level 1 in Conjurations
  9010 | D:8      | Found a basalt altar of Yredelemnul.
  9135 | D:8      | Reached * piety under Nemelex Xobeh
  9208 | D:8      | Killed a boulder beetle
  9209 | D:8      | Reached skill level 5 in Invocations
  9209 | D:8      | Reached XP level 11. HP: 75/75 MP: 17/17
  9395 | D:8      | Noticed a two-headed ogre
  9429 | D:8      | Killed a two-headed ogre
  9667 | D:8      | Found a staircase to the Lair.
 10586 | D:8      | Reached skill level 11 in Polearms
 10746 | D:9      | You fall into a shaft and drop 1 floor!
 10746 | D:10     | Entered Level 10 of the Dungeon
 10784 | D:9      | Noticed a two-headed ogre
 10793 | D:9      | Killed a two-headed ogre
 10865 | D:9      | Received a gift from Nemelex Xobeh
 10866 | D:9      | Found a white marble altar of Elyvilon.
 10866 | D:9      | Noticed a boulder beetle
 11005 | D:9      | Killed a boulder beetle
 11144 | D:9      | Noticed a two-headed ogre
 11338 | D:9      | Found Vauxask's Mass Market.
 11358 | D:9      | Reached ** piety under Nemelex Xobeh
 11379 | D:9      | Reached skill level 1 in Armour
 11662 | D:9      | Received a gift from Nemelex Xobeh
 11948 | D:9      | Killed a two-headed ogre
 12001 | D:9      | Reached XP level 12. HP: 81/81 MP: 18/18
 12047 | D:9      | Found a white marble altar of Elyvilon.
 12175 | D:9      | Found Vauxask's Mass Market.
 12460 | D:10     | Noticed a two-headed ogre
 12466 | D:10     | Killed a two-headed ogre
 12722 | D:10     | Noticed a two-headed ogre
 12730 | D:10     | Killed a two-headed ogre
 13226 | D:10     | Identified the +4 dagger of Gluttony {freeze, rElec Str-3
                  | Int+9 Stlth+}
 13256 | D:11     | Received a gift from Nemelex Xobeh
 13433 | D:11     | Reached *** piety under Nemelex Xobeh
 13434 | D:11     | Identified the +1 long sword of Fortitude {spect, *Rage
                  | Int+5}
 13444 | D:11     | Reached skill level 5 in Dodging
 13474 | D:11     | Noticed Grum
 13481 | D:11     | Killed Grum
 13511 | D:11     | Noticed a sun demon
 13700 | D:11     | Noticed a boulder beetle
 13730 | D:11     | Found a staircase to the Orcish Mines.
 14187 | D:11     | Reached skill level 5 in Fighting
 14189 | D:11     | a boulder beetle changed into a wolf spider
 14189 | D:11     | a yak changed into an entropy weaver
 14189 | D:11     | Noticed an entropy weaver
 14221 | D:11     | Killed an entropy weaver
 14222 | D:11     | Reached skill level 10 in Invocations
 14373 | D:12     | Reached XP level 13. HP: 69/91 MP: 18/20
 14434 | D:12     | Found a portal to a secret trove of treasure.
 14501 | D:12     | Identified the +0 hand axe of Ozasyate {elec, *Slow rF-
                  | rN+++ rCorr}
 14506 | D:12     | Slain by a manticore

Illustrated notes

Levels and vault maps discovered:
D:1:      psy_arrival_terrarium, layout_basic, minivault_24, serial_park_tiny_1
D:2:      layout_basic, minmay_fractal_squares_5
D:3:      layout_basic
D:4:      layout_loops_cross, uniq_menkaure, uniq_edmund
D:5:      cheibrodos_barr_body, layout_loops_cross,
          mainiacjoe_overflow_chevrons, jmf_multi_god_temple,
          hangedman_decor_clover_reticule, uniq_blork_the_orc
D:6:      layout_rooms, mainiacjoe_overflow_concentric_impassable,
          minmay_temple_entry_slanted, serial_bayou_pond_b, minivault_1,
          minmay_a_box_with_orc_wizards_in_it, uniq_grinder, uniq_maggie,
          uniq_duvessa
D:7:      layout_basic, mainiacjoe_overflow_six_doors_small, uniq_prince_ribbit1
D:8:      layout_cave_pools, mainiacjoe_overflow_cross_hatched, erik_lair_dragon
D:9:      layout_loops_corners, minmay_shop_mass, minmay_ruined_shrine
D:10:     layout_cave_pools, feat_on_display
D:11:     layout_basic, david_orc_1_choice, uniq_grum
D:12:     layout_irregular_city, nicolae_trove_entry_free_sample
Temple:   minmay_temple_bridge_d

Skill      XL: |  1  2  3  4  5  6  7  8  9 10 11 12 |
---------------+-------------------------------------+-----
Fighting       | 1 2 3 5 |  5.0
Ice Magic      | 1 2 3 4 5 7 |  7.0
Hexes          | 4 5 7 8 |  8.6
Stealth        | 4 |  4.0
Spellcasting   | 3 4 |  4.0
Polearms       | 7 10 11 | 11.6
Invocations    | 5 10 | 10.0
Conjurations   | 2 4 |  4.0
Armour         | 2 3 |  3.0
Dodging        | 5 |  5.0
Short Blades   | |  1.0

Action                     |  1- 3 |  4- 6 |  7- 9 | 10-12 | 13-15 || total
---------------------------+-------+-------+-------+-------+-------++-------
  Melee: Dagger            |    52 |   130 |   235 |       |       ||   417
         Punch             |     1 |       |     4 |       |       ||     5
         Trident           |       |       |    95 |       |       ||    95
         Halberd           |       |       |       |   391 |     3 ||   394
  Throw: Stone             |     2 |       |       |       |       ||     2
   Cast: Ensorcelled Hiber |     9 |     2 |    31 |    12 |       ||    54
         Freeze            |    11 |    31 |    23 |    36 |       ||   101
         Tukima's Dance    |       |     9 |    19 |    50 |       ||    78
         Confusing Touch   |       |     1 |    19 |     4 |       ||    24
         Frozen Ramparts   |       |       |     1 |    45 |     1 ||    47
         Hailstorm         |       |       |       |    27 |     1 ||    28
 Invoke: Draw Summoning    |       |       |       |     5 |     1 ||     6
         Draw Destruction  |       |       |       |    12 |     3 ||    15
         Draw Escape       |       |       |       |     1 |     3 ||     4
  Evoke: Wand              |       |       |       |     2 |       ||     2
    Use: Potion            |     1 |     2 |       |     9 |       ||    12
         Scroll            |       |     3 |     1 |    10 |       ||    14
   Stab: Sleeping          |     8 |     6 |    25 |     6 |       ||    45
         Invisible         |       |     3 |       |       |       ||     3
         Distracted        |       |     1 |       |     1 |       ||     2
         Confused          |       |     1 |    16 |     9 |       ||    26
 Armour: Robe              |    16 |    25 |     3 |       |       ||    44
         Leather armour    |       |       |    83 |       |       ||    83
         Acid dragon scale |       |       |       |    80 |       ||    80
         Troll leather arm |       |       |       |    30 |       ||    30
  Dodge: Dodged            |    67 |   111 |   170 |   202 |     7 ||   557

Table legend: (Time is in decaauts)
 A = Elapsed time spent in this place.
 B = Non-inter-level travel time spent in this place.
 C = Inter-level travel time spent in this place.
 D = Time resting spent in this place.
 E = Time spent auto-exploring this place.
 F = Levels seen in this place.
 G = Mean time per level.
                   A        B        C        D        E       F      G
               +--------+--------+--------+--------+--------+-----+--------+
         Total |  14468 |  13506 |    962 |    825 |   9359 |  13 | 1112.9 |
       Dungeon |  14236 |  13282 |    954 |    825 |   9146 |  12 | 1186.3 |
        Temple |    231 |    223 |      8 |      0 |    213 |   1 |  231.0 |
               +--------+--------+--------+--------+--------+-----+--------+

Top non-repeatable levels by time:
     D:9: 2138 daAuts
     D:5: 1949 daAuts
     D:8: 1416 daAuts
     D:4: 1402 daAuts
     D:6: 1384 daAuts
     D:3: 1303 daAuts
    D:11: 1033 daAuts
     D:7: 905 daAuts
    D:10: 875 daAuts
     D:1: 841 daAuts
     D:2: 794 daAuts
  Temple: 231 daAuts
    D:12: 192 daAuts
